AoeStats
← Tavik

African Clearing

506512105Analyzed
2v2 RM · 18d ago on Sep 13, 2026· 53m 31s· 4 players
Game mode
Random Map
Map size
Medium (4 player)
Population
200
Speed
Normal
Resources
Standard
Victory
Conquest
Starting age
Dark Age
Ending age
Imperial Age
RankedLock teamsTeams togetherTeam positionsShared explorationLock speedFull tech treeHidden civsTurbo modeCheats
Victory
Defeat
🇦🇷 Aztecs · Argentina
1392
+15
🇨🇦 Slavs · Canada
1365
+16
🇨🇿 Magyars · Czechia
1371
-15
🇨🇿 Vietnamese · Czechia
1368
-16
Mr. V
12:46 Feudal Age
11:01 Loom
13:27 Double-Bit Axe
13:22 Horse Collar
18:26 Castle Age
19:46 Bow Saw
22:46 Bloodlines
24:07 Fletching
24:59 Town Watch
25:33 Husbandry
24:56 Elite Skirmisher
26:52 Bodkin Arrow
29:42 Wheelbarrow
29:24 Heavy Plow
31:39 Hand Cart
31:28 Gold Mining
31:28 Stone Mining
32:44 Gold Shaft Mining
32:27 Scale Barding Armor
34:47 Chain Barding Armor
34:37 Forging
34:57 Ballistics
36:28 Sanctity
37:02 Iron Casting
40:51 Imperial Age
38:34 Detinets
39:22 Murder Holes
39:38 Fortified Wall
41:55 Conscription
42:13 Plate Barding Armor
42:39 Blast Furnace
41:10 Elite Boyar
41:45 Pikeman
42:26 Squires
42:27 Scale Mail Armor
43:30 Blast Furnace
42:33 Halberdier
43:57 Herbal Medicine
46:22 Two-Man Saw
46:44 Crop Rotation
46:54 Town Patrol
47:28 Padded Archer Armor
48:04 Plate Barding Armor
49:12 Chemistry
50:33 Leather Archer Armor
52:28 Druzhina
52:29 Guard Tower
52:44 Siege Engineers
52:50 Masonry
53:59 Ring Archer Armor
53:44 Chain Mail Armor
54:39 Hoardings
pity
3:55 Loom
14:15 Feudal Age
15:15 Double-Bit Axe
15:16 Horse Collar
18:33 Castle Age
16:51 Stone Mining
19:40 Bow Saw
24:20 Wheelbarrow
24:15 Fletching
25:16 Bodkin Arrow
25:49 Ballistics
27:35 Atlatl
28:23 Elite Skirmisher
34:17 Imperial Age
32:03 Squires
31:49 Gambesons
32:14 Padded Archer Armor
31:54 Pikeman
33:11 Forging
33:50 Scale Mail Armor
35:58 Garland Wars
36:02 Conscription
36:08 Gold Mining
37:22 Iron Casting
36:27 Eagle Warrior
39:02 Blast Furnace
39:05 Chemistry
37:57 Arson
38:28 Town Watch
38:57 Bracer
39:13 Chain Mail Armor
39:14 Leather Archer Armor
39:41 Elite Eagle Warrior
44:47 Siege Engineers
44:55 Heavy Plow
45:34 Hand Cart
45:21 Town Patrol
46:17 Plate Mail Armor
51:57 Treadmill Crane
52:55 Crop Rotation
53:13 Stone Shaft Mining
53:15 Gold Shaft Mining
Melioth
5:33 Loom
13:09 Feudal Age
14:30 Horse Collar
14:40 Double-Bit Axe
17:33 Castle Age
17:50 Forging
17:34 Gold Mining
21:34 Bow Saw
27:30 Wheelbarrow
28:01 Heavy Plow
28:14 Bloodlines
28:46 Husbandry
30:21 Iron Casting
30:17 Scale Barding Armor
30:26 Chatras
31:27 Hand Cart
37:10 Chain Barding Armor
40:01 Imperial Age
37:45 Devotion
38:19 Stone Mining
40:21 Elite Battle Elephant
41:58 Plate Barding Armor
46:21 Two-Man Saw
45:53 Crop Rotation
47:57 Light Cavalry
49:27 Elite Skirmisher
50:14 Thumb Ring
50:06 Fletching
50:16 Padded Archer Armor
50:07 Imperial Skirmisher
50:48 Bodkin Arrow
52:48 Chemistry
52:09 Ballistics
52:35 Bracer
Tavik
6:15 Loom
14:17 Feudal Age
18:18 Castle Age
16:18 Double-Bit Axe
17:42 Fletching
17:36 Horse Collar
18:54 Bodkin Arrow
19:51 Bow Saw
21:09 Husbandry
24:57 Ballistics
25:43 Thumb Ring
28:37 Bloodlines
34:26 Wheelbarrow
37:10 Imperial Age
36:38 Devotion
37:14 Heavy Cavalry Archer
38:19 Parthian Tactics
39:10 Chemistry
39:17 Bracer
39:26 Padded Archer Armor
41:25 Leather Archer Armor
41:16 Scale Barding Armor
41:51 Recurve Bow
41:21 Light Cavalry
42:24 Corvinian Army
43:02 Elite Magyar Huszar
44:22 Chain Barding Armor
45:23 Ring Archer Armor
48:47 Plate Barding Armor
53:44 Murder Holes
Connection lost

Rejoining the realm…

Still unreachable

The connection could not be restored.

Session expired

The server has moved on; the page needs a fresh start.